 Dungeon Crawl Stone Soup version 0.27-a0-1084-g78b3836a5f (webtiles) character file.

Game seed: 12101394626582163971

189 karkarkar the Conjurer (level 5, -5/28 HPs)
             Began as a Deep Elf Conjurer on Apr 26, 2021.
             Was an Initiate of Vehumet.
             Slain by a gnoll shaman
             ... wielding a +2 whip of electrocution
              (18 damage)
             ... on level 4 of the Dungeon on Apr 27, 2021.
             The game lasted 00:27:21 (3193 turns).

karkarkar the Conjurer (Deep Elf Conjurer)          Turns: 3193, Time: 00:27:22

Health: -5/28      AC:  5    Str:  4    XL:     5   Next: 40%
Magic:  1/14       EV: 12    Int: 24    God:    Vehumet [......]
Gold:   127        SH:  0    Dex: 13    Spells: 8/14 levels left

rFire    . . .     SeeInvis .   h - +2 war axe (elec)
rCold    . . .     Faith    .   (no shield)
rNeg     . . .     Spirit   .   a - +0 robe
rPois    .         Reflect  .   (no helmet)
rElec    .         Harm     .   o - +0 cloak
rCorr    .         Rampage  .   p - +1 pair of gloves
Will     .....                  (no boots)
Stlth    ++........             (no amulet)
HPRegen  0.09/turn              (no ring)
MPRegen  0.14/turn              (no ring)

@: no status effects
A: no striking features
a: Renounce Religion


You were on level 4 of the Dungeon.
You worshipped Vehumet.
Vehumet was noncommittal.
You visited 1 branch of the dungeon, and saw 4 of its levels.

You collected 127 gold pieces.

Inventory:

Hand Weapons
 h - a +2 war axe of electrocution (weapon)
 i - a +2 dagger of venom
Missiles
 f - a throwing net
 k - 12 poisoned darts
Armour
 a - a +0 robe (worn)
 o - a +0 cloak (worn)
 p - a +1 pair of gloves (worn)
Scrolls
 c - 4 scrolls of teleportation
 e - a scroll of enchant armour
 g - a scroll of noise
 l - a scroll of torment {unknown}
Potions
 b - a potion of haste {unknown}
 d - a potion of might {unknown}
 j - a potion of lignification
 m - a potion of resistance {unknown}
 n - a potion of attraction {unknown}


   Skills:
 + Level 2.7 Dodging
 + Level 3.0 Stealth
 + Level 5.0 Spellcasting
 + Level 6.3 Conjurations


You had 8 spell levels left.
You knew the following spells:

 Your Spells              Type           Power      Damage    Failure   Level
a - Magic Dart            Conj           100%       1d8       1%          1
b - Searing Ray           Conj           72%        3d6       1%          2
c - Dazzling Flash        Conj/Hex       42%        N/A       8%          3

Your spell library contained the following spells:

 Spells                   Type           Power      Damage    Failure   Level
 Fulminant Prism          Conj/Hex       10%        3d9       24%         4
 Iskenderun's Mystic Bla  Conj/Tloc      21%        2d6       24%         4


Dungeon Overview and Level Annotations

Branches:
Dungeon (4/15)
 Temple: D:4-7

Altars:
Cheibriados
Elyvilon
Gozag
Makhleb
Vehumet
The Shining One


Message History

The gnoll is lightly wounded.
A gnoll and a gnoll shaman come into view.
The gnoll shaman is wielding a +2 whip of electrocution.
The searing ray hits the gnoll!
The gnoll is almost dead. (Press . to maintain the ray.)
The gnoll shouts! x2
The searing ray hits the gnoll!
You kill the gnoll!
Vehumet accepts your kill.
The searing ray misses the gnoll. (Press . to maintain the ray.)
The searing ray hits the gnoll!
The gnoll is heavily wounded.
The searing ray misses the gnoll. (Press . to maintain the ray.)
The gnoll hits you from afar with a +0 spear.
The searing ray hits the gnoll!
You kill the gnoll!
Vehumet accepts your kill.
The searing ray hits the gnoll shaman.
The gnoll shaman is lightly wounded.
Your Spellcasting skill increases to level 5!
The searing ray hits the gnoll shaman.
The gnoll shaman is lightly wounded. (Press . to maintain the ray.)
The searing ray hits the gnoll shaman!
The gnoll shaman is severely wounded.
The searing ray hits the gnoll!
The gnoll is severely wounded.
The gnoll shaman calls upon its god to speed up the gnoll.
The gnoll seems to speed up.
The magic dart hits the gnoll shaman.
The gnoll shaman is severely wounded.
You hit the gnoll shaman.
The gnoll shaman is almost dead.
The gnoll shaman hits you with a +2 whip of electrocution!
You are electrocuted!!
Ouch! That really hurt!
You die...

.<. ... #.
##.#######
#.##.........
..#.....[...
#.#.g.......
#.##g#......
##..#@#......
#............
#[.....######
#......#
#......#
#....†.#
#......#######
#..)...#.....#
#......#.....#


You could see a gnoll shaman and a gnoll (fast).

Vanquished Creatures
  An orc priest (D:3)
  5 gnolls
  3 adders
  3 worms
  5 orcs
  A bat (D:2)
  8 endoplasms
  4 giant cockroaches
  4 hobgoblins
  10 jackals
  2 quokkas (D:1)
  4 ball pythons
  6 frilled lizards
  5 goblins
  4 kobolds
  5 rats
70 creatures vanquished.

Vanquished Creatures (others)
  2 fungi (D:1)
2 creatures vanquished.

Grand Total: 72 creatures vanquished

Notes
Turn   | Place    | Note
-------+----------+-------------------------------------------
     0 | D:1      | karkarkar the Deep Elf Conjurer began the quest for the
                  | Orb.
     0 | D:1      | Reached XP level 1. HP: 10/10 MP: 6/6
   217 | D:1      | Found a faded altar of an unknown god.
   370 | D:1      | Reached XP level 2. HP: 15/15 MP: 5/8
   373 | D:1      | Learned a level 2 spell: Searing Ray
   593 | D:1      | Reached skill level 5 in Conjurations
   913 | D:2      | Reached XP level 3. HP: 19/19 MP: 2/9
  1451 | D:2      | Reached XP level 4. HP: 24/24 MP: 9/11
  1474 | D:2      | Learned a level 3 spell: Dazzling Flash
  1515 | D:2      | Found a snail-covered altar of Cheibriados.
  1957 | D:3      | Reached skill level 6 in Conjurations
  2160 | D:3      | Reached XP level 5. HP: 28/28 MP: 4/13
  2486 | D:3      | Found a white marble altar of Elyvilon.
  2487 | D:3      | Found a glowing golden altar of the Shining One.
  2494 | D:3      | Found a burning altar of Makhleb.
  2498 | D:3      | Found a radiant altar of Vehumet.
  2504 | D:3      | Became a worshipper of Vehumet
  3124 | D:4      | Found an opulent altar of Gozag.
  3190 | D:4      | Reached skill level 5 in Spellcasting
  3193 | D:4      | Slain by a gnoll shaman

Illustrated notes

Levels and vault maps discovered:
D:1:      scummos_arrival_simple_crosswalls, layout_basic,
          shapermc_ecumenical_altar_mp_urbaneastern
D:2:      layout_rooms, basic_altar, chequers_serial_rivers_micro_c,
          minmay_pentomino_pile
D:3:      cheibrodos_helix_gallery, layout_loops_ring, minitemple
D:4:      layout_basic, nicolae_gozag_seed_capital

Skill      XL: |  1  2  3  4  5 |
---------------+----------------+-----
Conjurations   | 5 6 |  6.3
Spellcasting   | 4 5 |  5.0
Stealth        | 3 |  3.0
Dodging        | |  2.7

Action                   |  1- 3 |  4- 6 || total
-------------------------+-------+-------++-------
Melee: Unarmed           |     7 |       ||     7
       War axe           |     1 |     2 ||     3
 Cast: Magic Dart        |    61 |    55 ||   116
       Searing Ray       |     6 |    10 ||    16
  Use: Scroll            |     2 |     1 ||     3
       Potion            |       |     1 ||     1
Armor: Robe              |     1 |       ||     1
Dodge: Dodged            |     3 |     2 ||     5

Table legend: (Time is in decaauts)
 A = Elapsed time spent in this place.
 B = Non-inter-level travel time spent in this place.
 C = Inter-level travel time spent in this place.
 D = Time resting spent in this place.
 E = Time spent auto-exploring this place.
 F = Levels seen in this place.
 G = Mean time per level.
                   A        B        C        D        E       F      G
               +--------+--------+--------+--------+--------+-----+--------+
         Total |   3195 |   3182 |     13 |    210 |   2033 |   4 |  798.8 |
       Dungeon |   3195 |   3182 |     13 |    210 |   2033 |   4 |  798.8 |
               +--------+--------+--------+--------+--------+-----+--------+

Top non-repeatable levels by time:
     D:3: 1294 daAuts
     D:2: 887 daAuts
     D:1: 837 daAuts
     D:4: 175 daAuts
